 Dungeon Crawl Stone Soup version 0.26-a0-394-g0b5ff556b1 (webtiles) character file.

Game seed: 17843181743189079527

68724 KristoblXynda the Grappler (level 14, -2/136 HPs)
             Began as a Troll Delver on July 22, 2020.
             Was the Champion of Cheibriados.
             Slain by a sun demon (19 damage)
             ... summoned by an orc high priest
             ... on level 2 of the Orcish Mines on July 23, 2020.
             The game lasted 00:45:25 (23308 turns).

KristoblXynda the Grappler (Troll Delver)          Turns: 23308, Time: 00:45:26

Health: -2/136     AC: 17    Str: 38    XL:     14   Next: 87%
Magic:  20/20      EV: 21    Int: 25    God:    Cheibriados [******]
Gold:   2090       SH:  0    Dex: 32    Spells: 20/23 levels left

rFire    . . .     SeeInvis .     - Unarmed
rCold    . . .     Faith    .   (no shield)
rNeg     . . .     Spirit   .   D - +1 acid dragon scales
rPois    .         Reflect  +   (helmet restricted)
rElec    .         Harm     .   G - +0 cloak
rCorr    +                      (gloves unavailable)
MR       +....                  (boots unavailable)
Stlth    +.........             E - amulet of reflection
HPRegen  0.72/turn              C - +4 ring of protection
MPRegen  0.17/turn              i - +6 ring of dexterity

@: confused, very slow
A: large, unfitting armour, claws 3, regeneration 1, shaggy fur 1, tough skin 3
a: Bend Time, Temporal Distortion, Slouch, Step From Time, Renounce Religion


You were on level 2 of the Orcish Mines.
You worshipped Cheibriados.
Cheibriados was exalted by your worship.
You visited 5 branches of the dungeon, and saw 22 of its levels.
You also visited: Ossuary, Bailey and Volcano.

You collected 2490 gold pieces.
You spent 400 gold pieces at shops.

Inventory:

Hand Weapons
 H - a +5 spectral giant club
Missiles
 m - 6 throwing nets (quivered)
Armour
 D - +1 acid dragon scales (worn)
 G - a +0 cloak (worn)
 I - a +0 kite shield
Jewellery
 i - a +6 ring of dexterity (right claw)
 C - a +4 ring of protection (left claw)
 E - an amulet of reflection (around neck)
Wands
 f - a wand of digging (2)
 o - a wand of acid (16)
 p - a wand of iceblast (38)
 u - a wand of clouds (5)
 R - a wand of disintegration (16)
Scrolls
 b - 2 scrolls of fog
 c - 6 scrolls of magic mapping
 j - 8 scrolls of teleportation
 s - 3 scrolls of immolation
 w - 2 scrolls of identify
 z - 5 scrolls of amnesia
 A - 4 scrolls of remove curse
Potions
 a - a potion of cancellation
 d - 4 potions of magic
 h - 2 potions of lignification
 k - 9 potions of curing
 l - 4 potions of brilliance
 n - 3 potions of mutation
 q - 5 potions of ambrosia
 x - 4 potions of stabbing
 B - 3 potions of invisibility
 F - 3 potions of resistance
 M - a potion of flight
Miscellaneous
 N - a box of beasts
 O - a lightning rod (4/4)


   Skills:
 - Level 8.2 Fighting
 - Level 6.3 Armour
 - Level 10.0 Dodging
 - Level 2.7 Stealth
 + Level 3.0 Shields
 + Level 14.3 Unarmed Combat
 - Level 5.0 Spellcasting
 - Level 5.1 Conjurations
 + Level 7.9 Invocations
 + Level 4.1 Evocations


You had 20 spell levels left.
You knew the following spells:

 Your Spells              Type           Power        Failure   Level
a - Mephitic Cloud        Conj/Pois/Air  ###.....     13%         3

Your spell library contained the following spells:

 Spells                   Type           Power        Failure   Level
 Magic Dart               Conj           ####         1%          1
 Animate Skeleton         Necr           #.....       9%          1
 Beastly Appendage        Tmut           #.....       9%          1
 Pain                     Necr           #...         9%          1
 Conjure Flame            Conj/Fire      ###.....     10%         3
 Static Discharge         Conj/Air       ###.....     10%         3
 Stone Arrow              Conj/Erth      ###...       10%         3
 Blink                    Tloc           N/A          14%         2
 Call Imp                 Summ           #.......     14%         2
 Corpse Rot               Necr/Air       N/A          14%         2
 Poisonous Vapours        Pois/Air       #.....       14%         2
 Slow                     Hex            #.......     14%         2
 Wereblood                Tmut           #.......     14%         2
 Gell's Gravitas          Tloc           #.........   26%         3
 Lesser Beckoning         Tloc           #.........   26%         3
 Spider Form              Tmut/Pois      #.........   26%         3
 Teleport Other           Tloc           #.......     26%         3
 Vampiric Draining        Necr           #.........   26%         3
 Animate Dead             Necr           #.........   65%         4
 Cause Fear               Hex            #.........   65%         4
 Ice Form                 Ice/Tmut       #.......     65%         4
 Passage of Golubria      Tloc           N/A          65%         4
 Lightning Bolt           Conj/Air       ###.......   65%         5
 Agony                    Necr           #.......     94%         5
 Blade Hands              Tmut           #.........   94%         5
 Silence                  Hex/Air        #.........   94%         5
 Summon Forest            Summ/Tloc      #.........   94%         5
 Yara's Violent Unravell  Hex/Tmut       #.........   94%         5
 Eringya's Noxious Bog    Tmut/Pois      #.........   100%        6
 Freezing Cloud           Conj/Ice/Air   ###.......   100%        6
 Hydra Form               Tmut           #.........   100%        6
 Summon Hydra             Summ           #.........   100%        7
 Discord                  Hex            #.........   100%        8
 Ignition                 Fire           #.........   100%        8
 Shatter                  Erth           #.........   100%        9
 Tornado                  Air            #.........   100%        9


Dungeon Overview and Level Annotations

Branches:
Dungeon (12/15)            Temple (1/1) D:7            Lair (6/6) D:9
  Swamp (0/4) Lair:3       Spider (1/4) Lair:3        Slime (0/5) Lair:6
    Orc (2/2) D:12            Elf (0/3) Orc:2       Ossuary (visited)
 Bailey (visited)         Volcano (visited)

Altars:
Ashenzari
Cheibriados
Dithmenos
Elyvilon
Fedhas
Gozag
Hepliaklqana
Kikubaaqudgha
Makhleb
Nemelex Xobeh
Okawaru
Qazlal
Ru
Sif Muna
Trog
Uskayaw
Vehumet
Wu Jian
Xom
Yredelemnul
Zin
The Shining One
Beogh

Shops:
D:8 [   Orc:1 *   Orc:2 (

Annotations:
Lair:5 exclusion: 4 oklob plants
Orc:2 3 runed translucent doors, Froggeryz's ghost, journeyman GnCK


Innate Abilities, Weirdness & Mutations

You are too large for most types of armour.
You have claws for hands.
Your natural rate of healing is unusually fast.
You are covered in fur. (AC +1)
You have extremely tough skin. (AC +3)


Message History

The chaos spawn appears confused.
The orc priest is engulfed in noxious fumes.
The orc priest appears confused.
The orc priest barely misses the orc high priest.
The orc priest barely misses itself.
Unknown command.
You bump into the stone wall.
The orc wizard is engulfed in noxious fumes.
The orc wizard appears confused.
The orc wizard closely misses the sun demon.
The sun demon misses you.
An orc sorcerer comes into view. It is wielding a +0 dagger.
The orc wizard is engulfed in noxious fumes.
The orc wizard hits the sun demon but does no damage.
The orc high priest is engulfed in noxious fumes.
The orc high priest barely misses something.
The sun demon barely misses you. The sun demon hits you.
* * * LOW HITPOINT WARNING * * *
You are engulfed in flames!!
You die...

*,,,,,,..............#.#.###
*,*,,,,,.#####.##....#...#*#
*,*,,,,,,,,,*#.####.......,,
*,,*,,,,,,,,*#.# ##.#.....,
*∩,*,,,,*,,,##.# *.....,**
**.,#,,##,,*#..# *#.#..,*,
*∩.#o##o,,##.## *##,*,,*
*#.4.4o.o##..# *,*,,.
*#..4oo##@.## ****#.
****#o§3.## *... ######
**##.. **,*#.. **,,,...
*,,,,,,* **,,,,** *,,,,*,
**,,,,,


You could see an orc high priest (confused) and a sun demon (summoned).

Vanquished Creatures
  An orc warlord (Orc:2)
  A yaktaur captain (D:8)
  Harold (Orc:1)
  7 hydras
  2 catoblepae
  5 two-headed ogres
  A deep troll shaman (Lair:6)
  7 death yaks
  2 orc high priests (Orc:1)
  An unseen horror (D:12)
  4 orc knights
  3 lindwurms
  An obsidian statue (Lair:1)
  An ugly thing (D:12)
  3 cyclopes
  A manticore (Lair:4)
  3 orc sorcerers
  2 black mambas
  14 elephants
  4 molten gargoyles (Volcano)
  A gargoyle (D:12)
  A torpor snail (Lair:6)
  9 cane toads
  A centaur skeleton (D:11)
  3 efreet (Volcano)
  8 komodo dragons
  4 rime drakes
  3 meliai (Lair:4)
  A jumping spider (Lair:3)
  7 trolls
  2 queen bees
  5 polar bears
  A hornet (D:12)
  2 slime creatures (Lair:6)
  16 dream sheep (Lair:6)
  3 bog bodies (Lair:3)
  3 blink frogs (Lair:4)
  7 hippogriffs
  16 yaks
  2 wraiths (D:10)
  9 wyverns
  3 fire elementals (Volcano)
  3 basilisks
  Menkaure (D:7)
  4 wargs
  A swamp worm (Lair:3)
  5 porcupines
  12 water moccasins
  25 orc warriors
  3 ice beasts
  2 sky beasts
  3 black bears
  2 eyes of draining
  2 phantoms
  13 ogres
  9 wolves
  3 centaurs
  8 crocodiles
  An elf zombie (Ossuary)
  A big kobold (D:5)
  11 bullfrogs
  A gnoll sergeant (Orc:2)
  A wyvern zombie (D:6)
  2 earth elementals (Volcano)
  4 scorpions
  A water moccasin skeleton (D:9)
  A wyvern skeleton (D:11)
  54 killer bees
  5 wights
  2 electric eels (Lair:3)
  4 howler monkeys
  A quasit (D:12)
  4 human zombies (Ossuary)
  6 hounds
  3 jellies
  8 centaur zombies
  14 orc priests
  25 orc wizards
  3 iguanas
  A hell rat (Lair:4)
  11 worker ants
  A howler monkey zombie (D:10)
  4 mummies
  20 gnolls
  15 adders
  A river rat (Lair:4)
  A shadow imp (D:10)
  2 white imps
  2 ufetubi
  2 oozes
  2 adder skeletons (D:4)
  2 adder zombies
  2 worms
  A dart slug (D:1)
  2 leopard geckos
  117 orcs
  5 giant cockroaches
  45 goblins
  31 hobgoblins
  17 jackals
  3 quokkas
  3 ball pythons
  4 bats
  4 frilled lizards
  A jackal zombie (D:7)
  24 kobolds
  A quokka skeleton (D:4)
  5 rats
  3 fire vortices (Volcano)
751 creatures vanquished.

Vanquished Creatures (others)
  An orc wizard (Orc:2)
  3 fungi
  4 plants
8 creatures vanquished.

Grand Total: 759 creatures vanquished

Notes
Turn   | Place    | Note
-------+----------+-------------------------------------------
     0 | D:5      | KristoblXynda the Troll Delver began the quest for the Orb.
     0 | D:5      | Reached XP level 1. HP: 22/22 MP: 0/0
    11 | D:5      | Noticed an ogre
    23 | D:5      | Reached XP level 2. HP: 24/29 MP: 1/1
    32 | D:5      | Killed an ogre
    32 | D:5      | Reached skill level 3 in Unarmed Combat
    32 | D:5      | Reached XP level 3. HP: 7/36 MP: 2/2
    32 | D:5      | Reached XP level 4. HP: 8/44 MP: 3/3
   217 | D:5      | Reached skill level 4 in Unarmed Combat
   217 | D:5      | Reached XP level 5. HP: 44/50 MP: 4/4
   810 | D:5      | Reached XP level 6. HP: 56/59 MP: 5/5
   976 | D:5      | Reached skill level 5 in Unarmed Combat
  1254 | D:5      | Identified the +2 robe of a sewer {+Inv rPois Int-4}
  1257 | D:5      | Reached XP level 7. HP: 33/66 MP: 6/6
  1582 | D:4      | Found a stormy altar of Qazlal.
  1713 | D:4      | Found an ancient bone altar of Kikubaaqudgha.
  1835 | D:4      | Reached skill level 5 in Dodging
  1835 | D:4      | Reached skill level 6 in Unarmed Combat
  2402 | D:4      | Found a shimmering altar of Xom.
  2507 | D:3      | Found a shadowy altar of Dithmenos.
  2766 | D:3      | Reached XP level 8. HP: 74/74 MP: 7/7
  3451 | D:2      | Found an opulent altar of Gozag.
  3605 | D:2      | Found a blossoming altar of Fedhas.
  3777 | D:2      | Reached skill level 7 in Unarmed Combat
  3993 | D:2      | You fall into a shaft and drop 2 floors!
  4973 | D:5      | Learned a level 3 spell: Mephitic Cloud
  5136 | D:6      | Found a hide-covered altar of Uskayaw.
  5473 | D:6      | Found a white marble altar of Elyvilon.
  5640 | D:6      | Found an ornate altar of the Wu Jian Council.
  5734 | D:7      | Found a sand-covered staircase.
  5745 | D:7      | Reached skill level 8 in Unarmed Combat
  5749 | Ossuary  | Entered an ossuary
  5824 | Ossuary  | Reached skill level 1 in Conjurations
  5885 | Ossuary  | Reached XP level 9. HP: 76/80 MP: 8/8
  6172 | D:7      | Noticed Menkaure
  6181 | D:7      | Killed Menkaure
  6239 | D:7      | Found a staircase to the Ecumenical Temple.
  6247 | Temple   | Entered the Ecumenical Temple
  6294 | Temple   | Became a worshipper of Cheibriados the Contemplative
  6583 | D:7      | HP: 3/80 [orc warrior/+0 glaive (26)]
  6882 | D:7      | Reached skill level 9 in Unarmed Combat
  7358 | D:8      | Found a sacrificial altar of Ru.
  7372 | D:8      | Reached * piety under Cheibriados
  7382 | D:8      | Noticed a two-headed ogre
  7387 | D:8      | Killed a two-headed ogre
  7444 | D:8      | Found Iffeghud's Armour Boutique.
  7451 | D:8      | Bought +0 acid dragon scales for 400 gold pieces
  7577 | D:8      | Noticed a yaktaur captain
  7586 | D:8      | Killed a yaktaur captain
  7586 | D:8      | Reached skill level 1 in Armour
  7586 | D:8      | Reached XP level 10. HP: 35/88 MP: 9/9
  7782 | D:8      | Found an iron altar of Okawaru.
  7888 | D:8      | Found a glowing golden altar of the Shining One.
  8144 | D:9      | Reached skill level 10 in Unarmed Combat
  8161 | D:9      | Noticed a two-headed ogre
  8170 | D:9      | Killed a two-headed ogre
  8283 | D:9      | Found a staircase to the Lair.
  8522 | D:9      | Reached ** piety under Cheibriados
  8672 | D:9      | Found a burning altar of Makhleb.
  8718 | D:10     | Entered Level 10 of the Dungeon
  8829 | D:10     | Noticed a two-headed ogre
  8848 | D:10     | Killed a two-headed ogre
  8848 | D:10     | Reached skill level 5 in Conjurations
  9189 | D:10     | Reached *** piety under Cheibriados
  9473 | D:10     | Reached XP level 11. HP: 85/97 MP: 10/10
 10260 | D:11     | Got a coiled jade ring
 10365 | D:11     | Identified the cursed ring of Egisaac {EV-4 Str+3} (You
                  | found it on level 11 of the Dungeon)
 10844 | D:11     | Reached skill level 11 in Unarmed Combat
 10943 | D:11     | Reached **** piety under Cheibriados
 11762 | D:12     | Noticed a six-headed hydra
 11794 | D:12     | Killed a six-headed hydra
 12215 | D:12     | Reached skill level 5 in Armour
 12251 | D:12     | Noticed a two-headed ogre
 12257 | D:12     | Killed a two-headed ogre
 12362 | D:12     | Noticed a two-headed ogre
 12368 | D:12     | Killed a two-headed ogre
 12368 | D:12     | Reached skill level 5 in Fighting
 12531 | D:12     | Reached XP level 12. HP: 56/111 MP: 11/11
 12618 | D:12     | Found a staircase to the Orcish Mines.
 12624 | D:12     | Found a roughly hewn altar of Beogh.
 12787 | D:12     | Reached skill level 10 in Dodging
 13206 | Orc:1    | Entered Level 1 of the Orcish Mines
 13211 | Orc:1    | Found a flagged portal.
 13232 | Orc:1    | Reached ***** piety under Cheibriados
 13265 | Bailey   | Entered a bailey
 13542 | Bailey   | Found an iron altar of Okawaru.
 13624 | Orc:1    | Found Ariop's Mass Market.
 13671 | Orc:1    | Noticed Harold
 13680 | Orc:1    | Killed Harold
 13682 | Orc:1    | Reached skill level 12 in Unarmed Combat
 13683 | Orc:1    | Reached skill level 1 in Spellcasting
 13907 | Lair:1   | Entered Level 1 of the Lair of Beasts
 14170 | Lair:1   | Noticed a four-headed hydra
 14179 | Lair:1   | Killed a four-headed hydra
 14179 | Lair:1   | Reached skill level 1 in Invocations
 15907 | Lair:3   | Noticed a catoblepas
 15916 | Lair:3   | Killed a catoblepas
 16139 | Lair:3   | Found a hole to the Spider Nest.
 16182 | Lair:3   | Noticed an eight-headed hydra
 16184 | Lair:3   | Noticed a death yak
 16185 | Lair:3   | Noticed a death yak
 16185 | Lair:3   | Noticed a death yak
 16194 | Lair:3   | Killed an eight-headed hydra
 16256 | Lair:3   | Noticed a death yak
 16269 | Lair:3   | Killed a death yak
 16269 | Lair:3   | Reached XP level 13. HP: 83/123 MP: 14/16
 16291 | Lair:3   | HP: 5/124 [death yak (5)]
 16767 | Lair:3   | Found a staircase to the Swamp.
 16990 | Spider:1 | Entered Level 1 of the Spider Nest
 17156 | Lair:4   | Reached ****** piety under Cheibriados
 17166 | Lair:4   | Found a white marble altar of Elyvilon.
 17399 | Lair:4   | Reached skill level 13 in Unarmed Combat
 17641 | Lair:4   | Reached skill level 5 in Invocations
 19462 | Lair:6   | Entered Level 6 of the Lair of Beasts
 19870 | Lair:6   | Reached XP level 14. HP: 132/136 MP: 19/19
 19920 | Lair:6   | Reached skill level 1 in Evocations
 20056 | Lair:6   | Found a staircase to the Slime Pits.
 20692 | Lair:6   | Reached skill level 5 in Spellcasting
 20915 | Lair:6   | Reached skill level 14 in Unarmed Combat
 21380 | Orc:1    | Reached skill level 1 in Shields
 21747 | Orc:2    | Entered Level 2 of the Orcish Mines
 21747 | Orc:2    | Found a staircase to the Elven Halls.
 21799 | Orc:2    | Noticed Froggeryz's ghost (journeyman GnCK)
 21803 | Orc:2    | Found a dark tunnel.
 21812 | Volcano  | Entered a volcano
 22591 | Orc:2    | Noticed an orc warlord
 22931 | Orc:2    | Found a runed translucent gate.
 22931 | Orc:2    | Found a runed translucent gate.
 22931 | Orc:2    | Found a runed translucent gate.
 22950 | Orc:2    | Killed an orc warlord
 23274 | Orc:2    | Found Ciejeus's Antique Weapon Shop.
 23308 | Orc:2    | Slain by a sun demon

Illustrated notes

Levels and vault maps discovered:
D:1:      enne_arrival_octagon_isle, layout_loops_cross, minmay_vboxes
D:2:      layout_basic, nicolae_overflow_crystal_walls,
          nicolae_gozag_seed_capital, minmay_tetromino_s4
D:3:      layout_basic, lemuel_doored_altar, grunt_decor_clamped
D:4:      layout_basic, kennysheep_mini, kiku_gazebo_garden_becter,
          grunt_qazlal_clouds
D:5:      minmay_goblin_kobold_castle, layout_loops_ring,
          hangedman_abyss_or_decor_lesser_grid
D:6:      layout_cave_pools, eat_drink_and_be_merry_uskayaw, old_standard_altar,
          marbit_many_paths
D:7:      layout_loops_corners, minmay_temple_entry_grid,
          gup_ossuary_entry_pyramid, kennysheep_generic_room_5, uniq_menkaure
D:8:      layout_basic, overflow_temple_1_default, lemuel_round_altar,
          kennysheep_mini_moat, serial_shops, shop, kennysheep_just_a_vault
D:9:      layout_roguey, lightli_temple_of_fire, lair_entry_dummy, special_room
          [special_room_orc]
D:10:     layout_basic, grunt_ministairs_5, minmay_bent
D:11:     layout_layer_cave, special_room [special_room_bee]
D:12:     layout_basic, minmay_orc_entry_temple_small, serial_glass,
          glass_columns_a, glass_columns_a, feat_on_display,
          due_unseen_surprise, item_on_display_a
Temple:   nicolae_temple_figure_zero
Lair:1:   statuecave_lemuel, layout_regular_city, lemuel_fruit_tree
Lair:2:   wander_river, layout_cave_shapes, special_room,
          infiniplex_staircase_pool
Lair:3:   layout_big_grid, nicolae_swamp_entry_splash_gauntlet,
          spider_nest_entry_funnel_web, fungi_pond_lemuel
Lair:4:   regret_index_bee_streams, layout_hall_layers, basic_altar,
          beast_lair_carwin_10
Lair:5:   layout_roguey, minmay_lair_oklob_chamber, grunt_megastairs_5
Lair:6:   grunt_lair_end_beastmaster, layout_small_grid,
          minmay_slime_entry_pillars
Spider:1: layout_spider_delve, uniq_rupert, uniq_jorgrun
Orc:1:    layout_diamond_mine, enter_bailey_6, minmay_shop_mass, uniq_harold
Orc:2:    st_orc_elflike, layout_diamond_mine, enter_volcano_2,
          maelrawn_ghost_gauntlet_escape, sword_in_stone

Skill      XL: |  1  2  3  4  5  6  7  8  9 10 11 12 13 14 |
---------------+-------------------------------------------+-----
Dodging        | 2 3 4 5 7 8 9 10 | 10.0
Unarmed Combat | 3 4 5 6 8 9 10 11 12 13 14 | 14.3
Conjurations   | 1 4 5 |  5.1
Armour         | 1 3 5 6 |  6.3
Fighting       | 3 5 6 8 |  8.2
Spellcasting   | 2 4 5 |  5.0
Invocations    | 3 6 7 |  7.9
Evocations     | 4 |  4.1
Shields        | 3 |  3.0
Stealth        | |  2.7

Action                   |  1- 3 |  4- 6 |  7- 9 | 10-12 | 13-15 || total
-------------------------+-------+-------+-------+-------+-------++-------
Melee: Unarmed           |    11 |   193 |   493 |   570 |   676 ||  1943
       Punch             |       |     8 |    22 |    53 |    67 ||   150
       Giant club        |       |       |       |    16 |    19 ||    35
 Abil: Evoke Flight      |       |       |       |     3 |       ||     3
       Stop Flying       |       |       |       |     1 |       ||     1
Evoke: Wand              |       |       |     2 |     9 |    13 ||    24
       Box of beasts     |       |       |       |       |     1 ||     1
  Use: Scroll            |       |       |    12 |    18 |    15 ||    45
       Potion            |       |       |     1 |     2 |     7 ||    10
 Stab: Sleeping          |       |     1 |    14 |    10 |    11 ||    36
       Distracted        |       |       |       |     2 |     3 ||     5
       Confused          |       |       |       |     2 |       ||     2
Armor: Robe              |     1 |    54 |    85 |       |       ||   140
       Acid dragon scale |       |       |     6 |   166 |   220 ||   392
       Troll leather arm |       |       |       |    42 |       ||    42
Dodge: Dodged            |     7 |   128 |   324 |   637 |   715 ||  1811
Block: Other             |       |       |       |    58 |   176 ||   234
       Reflection        |       |       |       |     4 |     2 ||     6

Table legend: (Time is in decaauts)
 A = Elapsed time spent in this place.
 B = Non-inter-level travel time spent in this place.
 C = Inter-level travel time spent in this place.
 D = Time resting spent in this place.
 E = Time spent auto-exploring this place.
 F = Levels seen in this place.
 G = Mean time per level.
                   A        B        C        D        E       F      G
               +--------+--------+--------+--------+--------+-----+--------+
         Total |  30656 |  29278 |   1378 |   5483 |  16636 |  25 | 1226.2 |
       Dungeon |  15287 |  14533 |    754 |   2302 |   8862 |  12 | 1273.9 |
        Temple |    158 |    147 |     11 |      0 |    134 |   1 |  158.0 |
          Lair |  11461 |  11007 |    454 |   2000 |   6879 |   6 | 1910.2 |
   Spider Nest |      1 |      1 |      0 |      0 |      0 |   1 |    1.0 |
  Orcish Mines |   2332 |   2175 |    157 |    491 |    740 |   2 | 1166.0 |
       Ossuary |    216 |    216 |      0 |     30 |     20 |   1 |  216.0 |
        Bailey |    368 |    368 |      0 |    162 |      0 |   1 |  368.0 |
       Volcano |    829 |    829 |      0 |    497 |      0 |   1 |  829.0 |
               +--------+--------+--------+--------+--------+-----+--------+

Top non-repeatable levels by time:
    D:11: 2538 daAuts
  Lair:4: 2509 daAuts
  Lair:6: 2443 daAuts
    D:12: 2166 daAuts
  Lair:3: 1872 daAuts
  Lair:2: 1719 daAuts
    D:10: 1706 daAuts
     D:5: 1554 daAuts
  Lair:1: 1541 daAuts
     D:7: 1440 daAuts
  Lair:5: 1375 daAuts
   Orc:1: 1311 daAuts
   Orc:2: 1021 daAuts
     D:4: 988 daAuts
     D:9: 902 daAuts
